 Dungeon Crawl Stone Soup version 0.21.1-1-g345015fe64 (webtiles) character file.

1455 Ryomija the Cleaver (level 8, 0/64 HPs)
             Began as a Minotaur Fighter on May 13, 2018.
             Was a Believer of Okawaru.
             Slain by a sky beast (5 damage)
             ... on level 6 of the Dungeon.
             The game lasted 00:09:31 (4205 turns).

Ryomija the Cleaver (Minotaur Fighter)              Turns: 4205, Time: 00:09:32

Health: 0/64       AC:  8    Str: 22    XL:     8   Next: 47%
Magic:  7/7        EV:  7    Int:  5    God:    Okawaru [**....]
Gold:   307        SH:  9    Dex: 11    Spells: 7/7 levels left

rFire    . . .     SeeInvis .   a - +0 war axe
rCold    . . .     Gourm    .   c - +0 shield
rNeg     + . .     Faith    .   b - +0 scale mail
rPois    .         Spirit   .   (helmet restricted)
rElec    .         Reflect  .   (no cloak)
rCorr    .         Harm     .   i - +0 pair of gloves
MR       .....                  (no boots)
Stlth    ..........             B - amulet of magic regeneration
HPRegen  0.20/turn              (no ring)
MPRegen  0.35/turn              C - ring of positive energy

@: no status effects
A: retaliatory headbutt, horns 2
a: Heroism, Renounce Religion


You were on level 6 of the Dungeon.
You worshipped Okawaru.
Okawaru was pleased with you.
You were not hungry.

You visited 2 branches of the dungeon, and saw 7 of its levels.

You collected 307 gold pieces.

Inventory:

Hand Weapons
 a - a +0 war axe (weapon)
Armour
 b - a +0 scale mail (worn)
 c - a +0 shield (worn)
 i - a +0 pair of gloves (worn)
Jewellery
 B - an amulet of magic regeneration (around neck)
 C - a ring of positive energy (right hand)
Wands
 k - a wand of paralysis (14)
 v - a wand of polymorph (8)
Scrolls
 e - 3 scrolls of random uselessness
 m - 4 scrolls of identify
 n - a scroll of blinking
 q - 2 scrolls of fear {unknown}
 r - 2 scrolls of amnesia {unknown}
 s - 3 scrolls of teleportation {unknown}
 x - a scroll of magic mapping {unknown}
 y - 2 scrolls of enchant weapon {unknown}
 E - a scroll of noise {unknown}
Potions
 d - 2 potions of might
 g - a potion of resistance {unknown}
 h - 2 potions of cancellation {unknown}
 j - 5 potions of degeneration
 o - 2 potions of flight {unknown}
 p - 5 potions of curing {unknown}
 t - a potion of brilliance {unknown}
 u - a potion of agility {unknown}
 w - a potion of lignification {unknown}
 z - a potion of mutation {unknown}
 A - a potion of heal wounds {unknown}
 D - 2 potions of haste {unknown}
Comestibles
 f - 18 rations
 l - 7 chunks of flesh


   Skills:
 - Level 3.6 Fighting
 + Level 12.3 Axes
 - Level 3.6 Armour
 - Level 0.5 Dodging
 - Level 1.0 Stealth
 - Level 3.6 Shields


You had 7 spell levels left.
You didn't know any spells.

Dungeon Overview and Level Annotations

Branches:
Dungeon (6/15)             Temple (1/1) D:5

Altars:
Ashenzari
Cheibriados
Dithmenos
Elyvilon
Fedhas
Gozag
Hepliaklqana
Kikubaaqudgha
Makhleb
Nemelex Xobeh
Okawaru
Qazlal
Ru
Sif Muna
Trog
Uskayaw
Vehumet
Wu Jian
Xom
Yredelemnul
The Shining One


Innate Abilities, Weirdness & Mutations

You reflexively headbutt those who attack you in melee.
You have a pair of horns on your head.


Message History

Your headbutt misses something. Something hits you.
* * * LOW HITPOINT WARNING * * *
Something shocks you.
* * * LOW HITPOINT WARNING * * *
You slash something! Your headbutt misses something.
Something hits you but does no damage.
You miss something. Something hits you but does no damage.
You closely miss something. Your headbutt misses something.
You block something's attack.
You closely miss something. You headbutt something.
Something hits you but does no damage.
Your shield and scale mail prevent you from hitting something.
Something hits you.
* * * LOW HITPOINT WARNING * * *
Something shocks you.
* * * LOW HITPOINT WARNING * * *
You miss something. Something hits you.
* * * LOW HITPOINT WARNING * * *
Something shocks you.
You die...

#........#####..#
####....<.......#
................# #.
#.####.....####..## .
##.###.#[.##...##.%#..#
#........#...##.##...#(.#
#.##.....##...#.#s..##))#
#..#......##.†#.#{.##)..#
...........###..@###....######
#.#...........8.............#
#.........###...###.........#
#.......##.÷#.#+ ##........#
#..>##.##...#(# ##.......#
#...##.#...##.## #..######
###...##.#..##...## #..#
......##.####.....####..#######
###...##...†..................###


You could see a scorpion.

Vanquished Creatures
  Purgy (D:4)
  3 sky beasts
  3 ogres
  2 centaurs (D:6)
  2 wyvern zombies (D:6)
  A scorpion (D:6)
  A howler monkey (D:2)
  A crimson imp (D:5)
  3 hounds (D:6)
  A jelly (D:6)
  A centaur skeleton (D:4)
  An iguana (D:6)
  2 orc wizards (D:5)
  3 worker ants
  A worker ant zombie (D:5)
  Robin (D:3)
  2 adders
  An adder skeleton (D:5)
  2 dart slugs
  2 leopard geckos
  12 orcs
  A ball python (D:2)
  2 bats
  4 giant cockroaches
  15 goblins
  8 hobgoblins
  7 jackals
  A kobold (D:3)
  A quokka (D:2)
  A ball python zombie (D:1)
  6 frilled lizards
  A leopard gecko zombie (D:1)
  A quokka skeleton (D:6)
  4 rats
98 creatures vanquished.

Notes
Turn   | Place    | Note
-------+----------+-------------------------------------------
     0 | D:1      | Ryomija the Minotaur Fighter began the quest for the Orb.
     0 | D:1      | Reached XP level 1. HP: 19/19 MP: 0/0
    79 | D:1      | Reached skill level 3 in Axes
   131 | D:1      | Reached XP level 2. HP: 25/26 MP: 1/1
   393 | D:1      | Reached skill level 4 in Axes
   681 | D:2      | Noticed a howler monkey
   692 | D:2      | Killed a howler monkey
   692 | D:2      | Reached skill level 5 in Axes
   692 | D:2      | Reached XP level 3. HP: 18/31 MP: 2/2
   911 | D:2      | Reached XP level 4. HP: 18/39 MP: 3/3
  1090 | D:2      | Found a faded altar of an unknown god.
  1801 | D:3      | Noticed Robin
  1828 | D:3      | Killed Robin
  2057 | D:4      | Reached skill level 6 in Axes
  2057 | D:4      | Reached skill level 1 in Stealth
  2057 | D:4      | Reached XP level 5. HP: 44/45 MP: 4/4
  2259 | D:4      | Noticed Purgy
  2274 | D:4      | Killed Purgy
  2274 | D:4      | Reached skill level 7 in Axes
  2274 | D:4      | Reached XP level 6. HP: 23/51 MP: 5/5
  2586 | D:5      | Entered Level 5 of the Dungeon
  2623 | D:5      | Reached skill level 8 in Axes
  2832 | D:5      | Found a staircase to the Ecumenical Temple.
  2930 | Temple   | Entered the Ecumenical Temple
  3113 | Temple   | Became a worshipper of Warmaster Okawaru
  3230 | D:5      | Found a blossoming altar of Fedhas.
  3265 | D:5      | Noticed a sky beast
  3271 | D:5      | Killed a sky beast
  3271 | D:5      | Reached skill level 9 in Axes
  3271 | D:5      | Reached XP level 7. HP: 50/57 MP: 6/6
  3429 | D:5      | Found an ancient bone altar of Kikubaaqudgha.
  3430 | D:5      | Found an opulent altar of Gozag.
  3772 | D:6      | Reached skill level 10 in Axes
  3809 | D:6      | Reached * piety under Okawaru
  3993 | D:6      | Reached skill level 11 in Axes
  3993 | D:6      | Reached XP level 8. HP: 47/64 MP: 7/7
  4129 | D:6      | Found a hide-covered altar of Uskayaw.
  4178 | D:6      | Reached ** piety under Okawaru
  4185 | D:6      | Reached skill level 12 in Axes
  4205 | D:6      | Slain by a sky beast

Skill      XL: |  1  2  3  4  5  6  7  8 |
---------------+-------------------------+-----
Axes           | 3 5 6 7 9 11 12 | 12.3
Stealth        | 1 |  1.0
Fighting       | |  3.6
Armour         | |  3.6
Dodging        | |  0.5
Shields        | |  3.6

Action                   |  1- 3 |  4- 6 |  7- 9 || total
-------------------------+-------+-------+-------++-------
Melee: War axe           |    67 |   124 |   115 ||   306
       Headbutt          |     7 |    14 |    26 ||    47
  Use: Scroll            |       |     6 |       ||     6
  Eat: Chunk             |       |     6 |     1 ||     7
       Ration            |       |       |     1 ||     1
Armor: Scale mail        |    25 |    46 |    35 ||   106
Dodge: Dodged            |    13 |    26 |    24 ||    63
Block: Shield            |    29 |    52 |    36 ||   117
